 Dungeon Crawl Stone Soup version 0.25.1-1-g288607f (webtiles) character file.

Game seed: 10119419543984531011

46 RonnieColeman the Conjurer (level 3, -6/21 HPs)
             Began as an Octopode Conjurer on Sept 13, 2020.
             Killed from afar by Natasha (11 damage)
             ... with a magic dart
             ... on level 2 of the Dungeon.
             The game lasted 00:01:49 (1253 turns).

RonnieColeman the Conjurer (Octopode Conjurer)      Turns: 1253, Time: 00:01:51

Health: -6/21      AC:  1    Str:  7    XL:     3   Next: 66%
Magic:  0/7        EV: 13    Int: 18    God:
Gold:   55         SH:  0    Dex: 12    Spells: 7/8 levels left

rFire    . . .     SeeInvis .   i - +0 club
rCold    . . .     Gourm    .   (no shield)
rNeg     . . .     Faith    .   (helmet restricted)
rPois    .         Spirit   .   (no amulet)
rElec    .         Reflect  .   (no ring)
rCorr    .         Harm     .   (no ring)
MR       .....                  (no ring)
Stlth    +++.......             (no ring)
HPRegen  0.07/turn              (no ring)
MPRegen  0.10/turn              (no ring)
                                (no ring)
                                (no ring)

@: no status effects
A: almost no armour, stealthy swim, amphibious, 8 rings, constrict 8, camouflage
1, gelatinous body 1
a: no special abilities


You were on level 2 of the Dungeon.
You were very hungry.

You visited 1 branch of the dungeon, and saw 2 of its levels.

You collected 55 gold pieces.

Inventory:

Hand Weapons
 i - a +0 club (weapon)
Missiles
 c - 53 poisoned darts (quivered)
Scrolls
 a - a scroll of blinking {unknown}
 d - a scroll of amnesia {unknown}
 f - 2 scrolls of identify {unknown}
 h - a scroll of immolation {unknown}
Potions
 e - a potion of heal wounds {unknown}
 g - 2 potions of haste {unknown}
 j - a potion of curing {unknown}
Comestibles
 b - 4 rations


   Skills:
 - Level 2.0 Dodging
 - Level 2.6 Stealth
 * Level 3.2 Spellcasting
 + Level 4.4 Conjurations


You had 7 spell levels left.
You knew the following spells:

 Your Spells              Type           Power        Failure   Level  Hunger
a - Magic Dart            Conj           ###.         2%          1    None

Your spell library contained the following spells:

 Spells                   Type           Power        Failure   Level  Hunger
 Searing Ray              Conj           ###...       4%          2    ##.....
 Dazzling Flash           Conj/Hex       ##....       19%         3    ###....
 Fulminant Prism          Conj/Hex       ##........   54%         4    ####...
 Iskenderun's Mystic Bla  Conj/Tloc      ##......     54%         4    ####...


Dungeon Overview and Level Annotations

Branches:
Dungeon (2/15)

Altars:

Annotations:
D:2 Natasha


Innate Abilities, Weirdness & Mutations

You cannot wear most types of armour.
You are very stealthy in the water. (Stealth+)
You are amphibious.
You can wear up to eight rings at the same time.
You can use your tentacles to constrict eight enemies at once.
Your skin changes colour to match your surroundings (Stealth+).
Your rubbery body absorbs attacks. (AC +1, EV +1)


Message History

The magic dart hits Natasha.
Natasha is severely wounded.
Natasha claws you.
* * * LOW HITPOINT WARNING * * *
Casting: Magic Dart (safe; 2% risk of failure)
Confirm with . or Enter, or press ? or * to list all spells.
Aiming: Magic Dart (safe; 2% risk of failure)
Press: ? - help, Shift-Dir - straight line, f/p - Natasha
Aim: Natasha (severely wounded)
The magic dart hits Natasha.
Natasha is almost dead.
Natasha closely misses you.
Unknown command.
You hit Natasha. You grab Natasha.
Natasha is almost dead.
You constrict Natasha, but do no damage.
Natasha stares at you and mumbles some strange words.
The magic dart hits you!
Ouch! That really hurt!
You die...

### #######
...?##.....##
.............##
..............#
..............#
...........@..#
.[........h...#
......†.......#
..............#
.......†.....##
.....##<†...##
#### #######


You could see Natasha.

Vanquished Creatures
  Natasha (D:2)
  A leopard gecko (D:1)
  A giant cockroach (D:2)
  3 goblins (D:1)
  3 hobgoblins
  2 jackals (D:1)
  2 bats (D:1)
  2 frilled lizards (D:1)
  A kobold (D:1)
  5 rats
21 creatures vanquished.

Notes
Turn   | Place    | Note
-------+----------+-------------------------------------------
     0 | D:1      | RonnieColeman the Octopode Conjurer began the quest for the
                  | Orb.
     0 | D:1      | Reached XP level 1. HP: 11/11 MP: 3/3
   206 | D:1      | Reached XP level 2. HP: 14/17 MP: 1/5
  1180 | D:2      | Noticed Natasha
  1188 | D:2      | Killed Natasha
  1188 | D:2      | Reached XP level 3. HP: 4/21 MP: 0/7
  1245 | D:2      | Noticed Natasha
  1253 | D:2      | Killed from afar by Natasha

Illustrated notes

Levels and vault maps discovered:
D:1:      sevenhm_arrival_forest_fort_large_3, layout_loops_ring,
          minmay_hexomino_p4
D:2:      layout_rooms, nicolae_qazlal_general_emergency, uniq_natasha,
          uniq_terence, uniq_jessica

Skill      XL: |  1  2 |
---------------+-------+-----
Spellcasting   | 3 |  3.2
Dodging        | |  2.0
Stealth        | |  2.6
Conjurations   | |  4.4

Action                   || total
-------------------------++-------
Melee: Unarmed           ||    47
       Constrict         ||    16
       Tentacles         ||     7
       Club              ||    11
 Cast: Magic Dart        ||    18
 Stab: Sleeping          ||     5
Armor: Skin              ||     5
Dodge: Dodged            ||    38
